Map: Artillería pesada EE

Players

TATORREA - Winner!

  • Race: Protoss Protoss
  • League: Gold
  • Spawn Location: 7:00

MrFercho - Winner!

  • Race: Zerg Zerg
  • League: Gold
  • Spawn Location: 7:00

Light

  • Race: Terran Terran
  • Spawn Location: 1:00

Nigg

  • Race: Terran Terran
  • Spawn Location: 3:00

VOD

Have the link to the VOD?

Description

Time

  • Played on: July 26, 2020, 9:32 p.m.
  • Length: 7:38
Show
View Real Time Build Order
Export as new Build Order

TATORREA Protoss - Winner!

Build Orders:  

Get SALT Encoding   

  12  0:01  Probe  
  13  0:14  Probe  
  14  0:26  Probe  
  14  0:27  Pylon  
  15  0:45  Probe  
  16  0:50  Gateway  
  16  0:59  Probe  
  17  1:04  Assimilator  
  17  1:07  Probe  
  17  1:08  Pylon  
  17  1:15  Probe  
  19  1:27  Probe  
  19  1:30  Gateway  
  20  1:34  Assimilator  
  20  1:39  Probe  
  21  1:40  Pylon  
  21  1:51  Probe  
  22  1:57  Cybernetics Core  
  22  2:03  Probe  
  23  2:11  Gateway  
  23  2:28  Gateway  
  23  2:37  Zealot  
  23  2:38  Zealot  
  26  3:04  Zealot  
  28  3:15  Warp Gate  
  27  3:29  Probe  
  28  3:40  Zealot x4  
  36  3:47  Twilight Council  
  36  3:48  Robotics Facility  
  38  4:15  Charge  
  38  4:22  Pylon  
  38  4:23  Zealot  
  38  4:40  Zealot  
  38  4:41  Immortal  
  38  4:45  Pylon  
  40  4:48  Pylon  
  44  4:58  Pylon  
  44  5:07  Zealot x2  
  44  5:13  Zealot  
  50  5:20  Observer  
  51  5:24  Zealot  
  51  5:28  Zealot  
  55  5:34  Zealot  
  57  5:37  Sentry  
  59  5:51  Probe  
  60  6:12  Nexus  
  60  6:15  Pylon  
  60  6:21  Pylon  
  60  6:33  Zealot x2  
  46  7:24  Zealot x4  
Show
View Real Time Build Order
Export as new Build Order

MrFercho Zerg - Winner!

Build Orders: Hatch First 

Get SALT Encoding   

  12  0:06  Drone  
  13  0:14  Overlord  
  13  0:17  Drone  
  14  0:33  Drone x2  
  16  0:51  Hatchery  
  16  0:52  Drone  
  16  0:55  Drone  
  17  1:02  Drone  
  18  1:10  Extractor  
  17  1:16  Spawning Pool  
  17  1:18  Drone  
  17  1:22  Drone  
  18  1:33  Drone  
  19  1:45  Drone  
  20  1:55  Overlord  
  20  2:06  Zergling x4  
  20  2:08  Queen x2  
  26  2:16  Drone x2  
  28  2:27  Overlord  
  28  2:29  Drone  
  29  2:32  Metabolic Boost  
  29  2:35  Drone  
  30  2:37  Drone  
  31  2:51  Drone x2  
  33  3:32  Queen  
  35  3:35  Overlord  
  35  3:36  Drone x8  
  43  3:43  Lair  
  43  3:55  Overlord  
  43  3:56  Overlord  
  43  3:59  Hatchery  
  42  4:05  Drone x2  
  42  4:06  Evolution Chamber  
  43  4:11  Drone  
  43  4:12  Baneling Nest  
  43  4:30  Zergling x14, Hatchery  
  49  4:33  Zerg Melee Weapons Level 1  
  49  4:35  Drone  
  49  4:37  Zergling x4  
  52  4:56  Nydus Network  
  51  5:00  Drone  
  53  5:07  Zergling x18  
  53  5:10  Baneling x2  
  53  5:12  Baneling  
  61  5:24  Zergling x14  
  68  5:29  Baneling  
  68  5:31  Baneling  
  66  5:37  Zergling x10  
  71  5:58  Zergling x16  
  71  6:02  Overlord x3  
  79  6:21  Zergling x2  
  79  6:22  Zergling x14  
  87  6:35  Nydus Canal  
  87  6:39  Zergling x4  
  92  6:40  Zergling x20  
  99  6:52  Zergling x8  
Show
View Real Time Build Order
Export as new Build Order

Light Terran 

Build Orders: Reaper Expand 

Get SALT Encoding   

  12  0:01  SCV  
  13  0:13  SCV  
  14  0:18  Supply Depot  
  14  0:26  SCV  
  15  0:40  SCV  
  16  0:43  Barracks  
  16  0:46  Refinery  
  16  0:54  SCV  
  17  1:06  SCV  
  18  1:16  Supply Depot  
  18  1:18  SCV  
  19  1:31  Reaper  
  20  1:34  Orbital Command  
  20  1:51  Barracks  
  20  2:08  Command Center  
  20  2:21  Barracks Tech Lab  
  20  2:22  Factory  
  20  2:27  Barracks Reactor  
  20  2:29  SCV  
  21  2:31  Refinery  
  21  2:41  SCV  
  22  2:53  SCV  
  23  3:03  Barracks Reactor  
  23  3:05  Marine x2, SCV  
  26  3:21  Orbital Command  
  26  3:24  Factory Reactor, Marine  
  26  3:29  Barracks Tech Lab  
  26  3:35  SCV  
  27  3:41  Engineering Bay  
  27  3:46  Marine x2  
  29  3:49  Stimpack  
  29  3:55  SCV x2  
  31  4:03  Orbital Command  
  31  4:07  Widow Mine  
  31  4:08  Widow Mine  
  35  4:25  Bunker, SCV  
  36  4:32  Command Center  
  36  4:33  SCV  
  36  4:35  Marine x2  
  36  4:37  SCV  
  40  4:40  Widow Mine x2  
  40  4:41  Terran Infantry Weapons Level 1  
  40  4:45  SCV  
  45  4:48  Missile Turret  
  45  4:49  SCV  
  46  5:02  Supply Depot  
  46  5:03  Supply Depot  
  46  5:08  Missile Turret  
  46  5:24  SCV x2  
  48  5:29  Combat Shield  
  48  5:31  Supply Depot  
  48  5:33  Supply Depot  
  48  5:35  Supply Depot  
  48  5:36  SCV x2  
  48  5:40  Starport  
  50  5:46  Barracks  
  50  5:48  SCV x2  
  52  5:50  Orbital Command  
  52  6:00  SCV x2  
  54  6:12  SCV  
  55  6:27  SCV x3  
  58  6:39  Marine x3  
  61  6:40  Starport Reactor  
  61  6:53  Marine  
  58  6:57  Marine x3  
  33  7:11  Marine  
  33  7:14  Marine  
  33  7:15  Marine x2  
Show
View Real Time Build Order
Export as new Build Order

Nigg Terran 

Build Orders: 2 Factory 

Get SALT Encoding   

  12  0:09  SCV  
  13  0:27  Supply Depot  
  13  0:31  Refinery  
  13  0:53  Barracks  
  13  1:09  SCV  
  14  1:20  Barracks  
  14  1:21  SCV  
  15  1:35  SCV  
  16  1:41  Supply Depot  
  16  1:45  Marine  
  17  1:58  Orbital Command  
  17  2:03  Marine  
  18  2:19  Barracks Reactor  
  18  2:21  Marine  
  19  2:40  Barracks Reactor  
  20  2:54  SCV  
  20  3:03  Factory  
  20  3:06  SCV  
  20  3:11  Factory  
  21  3:23  Marine x4  
  25  3:40  Marine  
  26  3:41  Marine x3  
  29  3:58  Marine  
  29  3:59  Marine  
  31  4:10  Bunker  
  31  4:15  Factory Tech Lab x2  
  31  4:44  Command Center  
  31  5:35  Supply Depot  
  31  5:36  Supply Depot x2  
  31  5:37  Supply Depot  
  31  5:55  Marine x4, SCV, Siege Tank x2  
  42  5:58  Orbital Command  
  42  6:07  SCV  
  43  6:13  Marine x4  
  47  6:19  SCV  
  48  6:27  Siege Tank  
  48  6:30  Command Center  
  48  6:31  Marine x2  
  29  6:56  Marine  
  29  6:57  Marine x3  
  30  7:14  Marine  
  30  7:15  Marine x3  
Tags
 
Add a new tag
Caveats
  • Supply blocks, unpowered buildings, or Contaminate may cause inaccurate times.
  • Supply counts are checked every 10 seconds.